| TOP OF THE 1ST |
|
Augusta GreenJackets batting - Pitching for Kane County Cougars : RHP Joey Keim
|
|
Pitching: RHP Joey Keim
|
|
|
Batting: RHB Mike Buchanan
|
0-0: Ball 1-0: Called Strike 1-1: Swinging Strike 1-2: Strikes out swinging
|
|
Batting: RHB Devin Lowery
|
0-0: Ball 1-0: Swinging Strike 1-1: SINGLE (Line Drive, 3D, EV 102.5 MPH)
|
|
Batting: LHB Carey Horncole
|
0-0: Ball 1-0: Called Strike Devin Lowery steals 2nd base (no throw) 1-1: Foul Ball, location: 2F 1-2: Ground out 4-3 (Groundball, 4, EV 85.6 MPH) Devin Lowery to third
|
|
Batting: RHB Chris King
|
0-0: Ball 1-0: Foul Ball, location: 2F 1-1: Fly out, F4 (Popup, 4M, EV 66.9 MPH)
|
| Top of the 1st over - 0 runs, 1 hit, 0 errors, 1 left on base; Augusta 0 - Kane County 0 |
| BOTTOM OF THE 1ST |
|
Kane County Cougars batting - Pitching for Augusta GreenJackets : RHP Josh Harriston
|
|
Pitching: RHP Josh Harriston
|
|
|
Batting: LHB Willie Gutierrez
|
0-0: Ball 1-0: Ball 2-0: Called Strike 2-1: Foul Ball, location: 2F 2-2: Strikes out looking
|
|
Batting: LHB T.J. Duvall
|
0-0: Called Strike 0-1: Foul Ball, location: 2F 0-2: Ground out 6-3 (Groundball, 6, EV 86.3 MPH)
|
|
Batting: RHB Dave Vargas
|
0-0: SINGLE (Flyball, 8RS, EV 91.9 MPH)
|
|
Batting: RHB Marlon Reda
|
0-0: Ball Dave Vargas is caught stealing 2nd base 2-4
|
| Bottom of the 1st over - 0 runs, 1 hit, 0 errors, 0 left on base; Augusta 0 - Kane County 0 |
| TOP OF THE 2ND |
|
Augusta GreenJackets batting - Pitching for Kane County Cougars : RHP Joey Keim
|
|
Batting: RHB Davey Beeson
|
0-0: Fly out, F9 (Flyball, 9LM, EV 86.3 MPH)
|
|
Batting: RHB Drew Duncan
|
0-0: Foul Ball, location: 2F 0-1: Ground out 4-3 (Groundball, 4M, EV 97.5 MPH)
|
|
Batting: LHB John Whitman
|
0-0: Ball 1-0: Ball 2-0: Called Strike 2-1: Foul Ball, location: 2F 2-2: SINGLE (Groundball, 34, EV 98.1 MPH)
|
|
Batting: RHB Juan Flores
|
0-0: Swinging Strike 0-1: Ground out 5-3 (Groundball, 5S, EV 74.4 MPH)
|
| Top of the 2nd over - 0 runs, 1 hit, 0 errors, 1 left on base; Augusta 0 - Kane County 0 |
| BOTTOM OF THE 2ND |
|
Kane County Cougars batting - Pitching for Augusta GreenJackets : RHP Josh Harriston
|
|
Batting: RHB Marlon Reda
|
0-0: Called Strike 0-1: Ball 1-1: Ground out 6-3 (Groundball, 6, EV 80.0 MPH)
|
|
Batting: RHB Matt Maxwell
|
0-0: Ball 1-0: Swinging Strike 1-1: Ball 2-1: Ball 3-1: Base on Balls
|
|
Batting: RHB John Pena
|
0-0: Ball 1-0: Called Strike 1-1: Ball 2-1: Fielders Choice at 2nd, 5-4 (Groundball, 56, EV 102.5 MPH)
|
|
Batting: RHB Wes Santiago
|
0-0: Ball 1-0: Swinging Strike 1-1: Ground out 6-3 (Groundball, 6D, EV 103.1 MPH)
|
| Bottom of the 2nd over - 0 runs, 0 hits, 0 errors, 1 left on base; Augusta 0 - Kane County 0 |
| TOP OF THE 3RD |
|
Augusta GreenJackets batting - Pitching for Kane County Cougars : RHP Joey Keim
|
|
Batting: RHB Sam Smith
|
0-0: Fly out, F7 (Flyball, 78D, EV 100.6 MPH)
|
|
Batting: RHB Mike Buchanan
|
0-0: SINGLE (Line Drive, 5D, EV 106.9 MPH)
|
|
Batting: RHB Devin Lowery
|
0-0: Ball 1-0: Swinging Strike 1-1: Ball Mike Buchanan is caught stealing 2nd base 2-4 2-1: Called Strike 2-2: Reached on error, E5 (Groundball, 56, EV 86.3 MPH)
|
|
Batting: LHB Carey Horncole
|
0-0: Foul Ball, location: 2F 0-1: Foul Ball, location: 2F 0-2: Foul Ball, location: 2F 0-2: Ball 1-2: Ball 2-2: Ball 3-2: Ground out U3 (Groundball, 3, EV 93.8 MPH)
|
| Top of the 3rd over - 0 runs, 1 hit, 1 error, 1 left on base; Augusta 0 - Kane County 0 |
| BOTTOM OF THE 3RD |
|
Kane County Cougars batting - Pitching for Augusta GreenJackets : RHP Josh Harriston
|
|
Batting: RHB Jake Hodge
|
0-0: Called Strike 0-1: Swinging Strike 0-2: Ball 1-2: Foul Ball, location: 2F 1-2: Ball 2-2: Ball 3-2: Foul Ball, location: 2F 3-2: Strikes out swinging
|
|
Batting: LHB Brian Nielsen
|
0-0: SINGLE (Line Drive, 4MD, EV 109.4 MPH)
|
|
Batting: LHB Willie Gutierrez
|
0-0: Fly out, F3 (Popup, 3SF, EV 68.8 MPH)
|
|
Batting: LHB T.J. Duvall
|
0-0: Foul Ball, location: 2F 0-1: Ball Wild Pitch! Brian Nielsen to second 1-1: Swinging Strike 1-2: Ball 2-2: Foul Ball, location: 2F 2-2: Strikes out looking
|
| Bottom of the 3rd over - 0 runs, 1 hit, 0 errors, 1 left on base; Augusta 0 - Kane County 0 |
| TOP OF THE 4TH |
|
Augusta GreenJackets batting - Pitching for Kane County Cougars : RHP Joey Keim
|
|
Batting: RHB Chris King
|
0-0: Ball 1-0: Ball 2-0: Ball 3-0: Base on Balls
|
|
Batting: RHB Davey Beeson
|
0-0: Ball 1-0: Fly out, F7 (Flyball, 78S, EV 95.0 MPH)
|
|
Batting: RHB Drew Duncan
|
0-0: Ball 1-0: Ball 2-0: Called Strike 2-1: Fly out, F7 (Flyball, 7S, EV 85.6 MPH)
|
|
Batting: LHB John Whitman
|
0-0: Called Strike 0-1: Ball 1-1: Swinging Strike 1-2: Ground out U3 (Groundball, 3, EV 83.8 MPH)
|
| Top of the 4th over - 0 runs, 0 hits, 0 errors, 1 left on base; Augusta 0 - Kane County 0 |
| BOTTOM OF THE 4TH |
|
Kane County Cougars batting - Pitching for Augusta GreenJackets : RHP Josh Harriston
|
|
Batting: RHB Dave Vargas
|
0-0: Ball 1-0: Ball 2-0: Called Strike 2-1: Foul Ball, location: 2F 2-2: Ground out 6-3 (Groundball, 6, EV 91.3 MPH)
|
|
Batting: RHB Marlon Reda
|
0-0: SINGLE (Groundball, 6MD, EV 96.9 MPH)
|
|
Batting: RHB Matt Maxwell
|
0-0: Grounds into double play, 4-6-3 (Groundball, 4, EV 80.0 MPH)
|
| Bottom of the 4th over - 0 runs, 1 hit, 0 errors, 0 left on base; Augusta 0 - Kane County 0 |
| TOP OF THE 5TH |
|
Augusta GreenJackets batting - Pitching for Kane County Cougars : RHP Joey Keim
|
|
Batting: RHB Juan Flores
|
0-0: Ball 1-0: Called Strike 1-1: Ball 2-1: Foul Ball, location: 2F 2-2: Ball 3-2: SINGLE (Line Drive, 7S, EV 91.9 MPH)
|
|
Batting: RHB Sam Smith
|
0-0: Ball 1-0: Swinging Strike 1-1: SINGLE (Groundball, 34D, EV 103.8 MPH) Juan Flores to second Runner from 2nd tries for 3rd, SAFE, no throw by RF
|
|
Batting: RHB Mike Buchanan
|
0-0: Called Strike 0-1: Called Strike 0-2: Ball 1-2: Strikes out swinging
|
|
Batting: RHB Devin Lowery
|
0-0: Fly out, F2 (Popup, 23F, EV 93.1 MPH)
|
|
Batting: LHB Carey Horncole
|
0-0: Called Strike 0-1: Ground out 2-3 (Groundball, 15S, EV 73.1 MPH)
|
| Top of the 5th over - 0 runs, 2 hits, 0 errors, 2 left on base; Augusta 0 - Kane County 0 |
| BOTTOM OF THE 5TH |
|
Kane County Cougars batting - Pitching for Augusta GreenJackets : RHP Josh Harriston
|
|
Batting: RHB John Pena
|
0-0: Called Strike 0-1: Foul Ball, location: 2F 0-2: Ball 1-2: Ground out U3 (Groundball, 34, EV 102.5 MPH)
|
|
Batting: RHB Wes Santiago
|
0-0: Called Strike 0-1: Foul Ball, location: 2F 0-2: Ball 1-2: Strikes out swinging passed ball, reaches first!
|
|
Batting: RHB Jake Hodge
|
0-0: Called Strike 0-1: Ball 1-1: Swinging Strike 1-2: Strikes out swinging
|
|
Batting: LHB Brian Nielsen
|
0-0: Ball 1-0: Called Strike 1-1: Ball 2-1: Fly out, F9 (Flyball, 89XD, EV 90.6 MPH)
|
| Bottom of the 5th over - 0 runs, 0 hits, 0 errors, 1 left on base; Augusta 0 - Kane County 0 |
| TOP OF THE 6TH |
|
Augusta GreenJackets batting - Pitching for Kane County Cougars : RHP Joey Keim
|
|
Batting: RHB Chris King
|
0-0: Called Strike 0-1: Foul Ball, location: 2F 0-2: Ball 1-2: Strikes out swinging
|
|
Batting: RHB Davey Beeson
|
0-0: Called Strike 0-1: Foul Ball, location: 2F 0-2: Ball 1-2: SOLO HOME RUN (Flyball, 78XD, EV 108.1 MPH), Distance : 408 ft
|
|
Batting: RHB Drew Duncan
|
0-0: Called Strike 0-1: Ball 1-1: Foul Ball, location: 2F 1-2: SINGLE (Flyball, 89S, EV 91.9 MPH)
|
|
Batting: LHB John Whitman
|
0-0: Ball 1-0: Called Strike 1-1: Ball 2-1: Foul Ball, location: 2F 2-2: Foul Ball, location: 2F 2-2: Ball 3-2: Grounds into double play, 6-4-3 (Groundball, 6, EV 92.5 MPH)
|
| Top of the 6th over - 1 run, 2 hits, 0 errors, 0 left on base; Augusta 1 - Kane County 0 |
| BOTTOM OF THE 6TH |
|
Kane County Cougars batting - Pitching for Augusta GreenJackets : RHP Josh Harriston
|
|
Batting: LHB Willie Gutierrez
|
0-0: Ball 1-0: Foul Ball, location: 2F 1-1: Swinging Strike 1-2: Ball 2-2: Foul Ball, location: 2F 2-2: Ball 3-2: Foul Ball, location: 2F 3-2: Foul Ball, location: 2F 3-2: Fly out, F1 (Line Drive, P, EV 72.5 MPH)
|
|
Batting: LHB T.J. Duvall
|
0-0: Ball 1-0: Ball 2-0: Ball 3-0: Base on Balls
|
|
Batting: RHB Dave Vargas
|
0-0: Ball T.J. Duvall steals 2nd base 1-0: Foul Ball, location: 2F 1-1: Ball 2-1: Ball 3-1: Base on Balls
|
|
Batting: RHB Marlon Reda
|
0-0: DOUBLE (Line Drive, 9LD, EV 101.9 MPH) T.J. Duvall scores Dave Vargas to third
|
|
Batting: RHB Matt Maxwell
|
0-0: Called Strike 0-1: Ball 1-1: Foul Ball, location: 2F 1-2: Fly out, F8 (Flyball, 89D, EV 98.1 MPH) Runner from 3rd tags up, SCORES, throw by CF
|
|
Batting: RHB John Pena
|
0-0: Called Strike 0-1: Ball 1-1: Foul Ball, location: 2F 1-2: Ball 2-2: Fly out, F7 (Flyball, 78S, EV 80.6 MPH)
|
| Bottom of the 6th over - 2 runs, 1 hit, 0 errors, 1 left on base; Augusta 1 - Kane County 2 |
| TOP OF THE 7TH |
|
Augusta GreenJackets batting - Pitching for Kane County Cougars : RHP Joey Keim
|
|
Pitching: RHP Ming-feng Pi
|
|
|
Batting: RHB Juan Flores
|
0-0: Called Strike 0-1: Ground out 5-3 (Groundball, 5S, EV 86.9 MPH)
|
|
Batting: RHB Sam Smith
|
0-0: Ground out 4-3 (Groundball, 4, EV 88.8 MPH)
|
|
Batting: RHB Mike Buchanan
|
0-0: Fly out, F9 (Flyball, 89M, EV 93.8 MPH)
|
| Top of the 7th over - 0 runs, 0 hits, 0 errors, 0 left on base; Augusta 1 - Kane County 2 |
| BOTTOM OF THE 7TH |
|
Kane County Cougars batting - Pitching for Augusta GreenJackets : RHP Josh Harriston
|
|
Pitching: RHP Josh Aronhalt
|
|
|
Batting: RHB Wes Santiago
|
0-0: Ball 1-0: Called Strike 1-1: Foul Ball, location: 2F 1-2: Foul Ball, location: 2F 1-2: Strikes out swinging
|
|
Batting: RHB Jake Hodge
|
0-0: SINGLE (Flyball, 8LS, EV 86.9 MPH)
|
|
Batting: LHB Brian Nielsen
|
0-0: Ball 1-0: Swinging Strike 1-1: Ball 2-1: Called Strike 2-2: Ball 3-2: Strikes out swinging
|
|
Batting: LHB Willie Gutierrez
|
0-0: Ball 1-0: Ball 2-0: Swinging Strike 2-1: Foul Ball, location: 2F 2-2: Strikes out swinging
|
| Bottom of the 7th over - 0 runs, 1 hit, 0 errors, 1 left on base; Augusta 1 - Kane County 2 |
| TOP OF THE 8TH |
|
Augusta GreenJackets batting - Pitching for Kane County Cougars : RHP Ming-feng Pi
|
|
Batting: RHB Devin Lowery
|
0-0: Called Strike 0-1: Foul Ball, location: 2F 0-2: Ball 1-2: Hit by Pitch
|
|
Pitching: LHP Frank Rowe
|
|
|
Batting: LHB Carey Horncole
|
0-0: Ball Devin Lowery steals 2nd base (no throw) 1-0: Swinging Strike 1-1: Called Strike 1-2: Strikes out swinging
|
|
Pitching: RHP Jose Fernandez
|
|
|
Batting: RHB Chris King
|
0-0: Ball 1-0: Called Strike 1-1: Called Strike 1-2: Ball 2-2: Strikes out looking
|
|
Batting: RHB Davey Beeson
|
0-0: Ball 1-0: Foul Ball, location: 2F 1-1: SINGLE (Groundball, 6MD, EV 102.5 MPH) Devin Lowery to third Runner from 3rd tries for Home, SAFE, throw by CF to home
|
|
Batting: RHB Drew Duncan
|
0-0: Ball 1-0: Ball 2-0: Called Strike 2-1: Called Strike 2-2: Foul Ball, location: 2F 2-2: Ball 3-2: SINGLE (Groundball, 56D, EV 103.1 MPH) Davey Beeson to second Davey Beeson to third
|
|
Batting: LHB John Whitman
|
0-0: Ball 1-0: Ground out 4-3 (Groundball, 4, EV 89.4 MPH)
|
| Top of the 8th over - 1 run, 2 hits, 0 errors, 2 left on base; Augusta 2 - Kane County 2 |
| BOTTOM OF THE 8TH |
|
Kane County Cougars batting - Pitching for Augusta GreenJackets : RHP Josh Aronhalt
|
|
Pitching: LHP Kyle Worford
|
|
|
Pinch Hitting: RHB Franklin Villanueva
|
0-0: Ball 1-0: Ball 2-0: Ground out 1-3 (Groundball, 15S, EV 65.6 MPH)
|
|
Batting: RHB Dave Vargas
|
0-0: Ball 1-0: Foul Ball, location: 2F 1-1: Called Strike 1-2: Ball 2-2: Foul Ball, location: 2F 2-2: Ball 3-2: Strikes out swinging
|
|
Batting: RHB Marlon Reda
|
0-0: Ball 1-0: Foul Ball, location: 2F 1-1: Ball 2-1: Called Strike 2-2: Ball 3-2: Strikes out looking
|
| Bottom of the 8th over - 0 runs, 0 hits, 0 errors, 0 left on base; Augusta 2 - Kane County 2 |
| TOP OF THE 9TH |
|
Augusta GreenJackets batting - Pitching for Kane County Cougars : RHP Jose Fernandez
|
|
Now at 1B: Jake Hodge
|
|
|
Now at 3B: Franklin Villanueva
|
|
|
Pinch Hitting: LHB Gabe Velez
|
0-0: Foul Ball, location: 2F 0-1: Foul Ball, location: 2F 0-2: Foul Ball, location: 2F 0-2: Strikes out swinging
|
|
Batting: RHB Sam Smith
|
0-0: Swinging Strike 0-1: Swinging Strike 0-2: Ball 1-2: Strikes out swinging
|
|
Batting: RHB Mike Buchanan
|
0-0: Called Strike 0-1: Ball 1-1: Ball 2-1: Ball 3-1: Foul Ball, location: 2F 3-2: Strikes out swinging
|
| Top of the 9th over - 0 runs, 0 hits, 0 errors, 0 left on base; Augusta 2 - Kane County 2 |
| BOTTOM OF THE 9TH |
|
Kane County Cougars batting - Pitching for Augusta GreenJackets : LHP Kyle Worford
|
|
Now at 1B: Omar Jordan
|
|
|
Now at 2B: Devin Lowery
|
|
|
Batting: RHB Matt Maxwell
|
0-0: Ball 1-0: Ball 2-0: Swinging Strike 2-1: Foul Ball, location: 2F 2-2: Strikes out swinging
|
|
Batting: RHB John Pena
|
0-0: Ball 1-0: Ball 2-0: Called Strike 2-1: Called Strike 2-2: Ball 3-2: SINGLE (Flyball, 7, EV 88.8 MPH)
|
|
Batting: RHB Wes Santiago
|
0-0: Ball 1-0: Swinging Strike 1-1: Called Strike 1-2: Strikes out looking
|
|
Pitching: LHP Ian Martin
|
|
|
Batting: RHB Jake Hodge
|
0-0: Ball 1-0: Called Strike 1-1: Ball 2-1: Foul Ball, location: 2F 2-2: Ball 3-2: Strikes out swinging
|
| Bottom of the 9th over - 0 runs, 1 hit, 0 errors, 1 left on base; Augusta 2 - Kane County 2 |
| TOP OF THE 10TH |
|
Augusta GreenJackets batting - Pitching for Kane County Cougars : RHP Jose Fernandez
|
|
Batting: RHB Devin Lowery
|
0-0: Ball 1-0: Called Strike 1-1: Foul Ball, location: 2F 1-2: Hit by Pitch
|
|
Batting: LHB Carey Horncole
|
0-0: Ball Devin Lowery steals 2nd base 1-0: Intentional Walk
|
|
Batting: RHB Chris King
|
0-0: Called Strike 0-1: Swinging Strike 0-2: Foul Ball, location: 2F 0-2: Ball 1-2: Foul Ball, location: 2F 1-2: SINGLE (Line Drive, 56, EV 103.8 MPH) Devin Lowery to third Carey Horncole to second
|
|
Pitching: RHP Nate Bixler
|
|
|
Batting: RHB Davey Beeson
|
0-0: Ball 1-0: Foul Ball, location: 2F 1-1: Called Strike 1-2: Grounds into double play, 4-2-3 (Groundball, 4, EV 91.3 MPH) Carey Horncole to third Chris King to second
|
|
Batting: RHB Drew Duncan
|
0-0: SINGLE (Groundball, 6MD, EV 103.1 MPH) Carey Horncole scores Chris King to third Runner from 3rd tries for Home, SAFE, throw by CF to home
|
|
Batting: LHB John Whitman
|
0-0: Called Strike 0-1: Hit by Pitch Drew Duncan to second
|
|
Batting: RHB Omar Jordan
|
0-0: Foul Ball, location: 2F 0-1: Called Strike 0-2: 3-RUN HOME RUN (Flyball, 7LD, EV 96.3 MPH), Distance : 341 ft
|
|
Batting: RHB Sam Smith
|
0-0: Called Strike 0-1: Ball 1-1: Called Strike 1-2: Strikes out looking
|
| Top of the 10th over - 5 runs, 3 hits, 0 errors, 0 left on base; Augusta 7 - Kane County 2 |
| BOTTOM OF THE 10TH |
|
Kane County Cougars batting - Pitching for Augusta GreenJackets : LHP Ian Martin
|
|
Batting: LHB Brian Nielsen
|
0-0: Ball 1-0: Fly out, F7 (Flyball, 78M, EV 86.9 MPH)
|
|
Batting: LHB Willie Gutierrez
|
0-0: Foul Ball, location: 2F 0-1: Ball 1-1: Fly out, F8 (Flyball, 8LXD, EV 104.4 MPH)
|
|
Batting: RHB Franklin Villanueva
|
0-0: Called Strike 0-1: Ball 1-1: Swinging Strike 1-2: DOUBLE (Groundball, 5L, EV 103.8 MPH)
|
|
Batting: RHB Dave Vargas
|
0-0: Ball 1-0: Foul Ball, location: 2F 1-1: Ball 2-1: Ground out U3 (Groundball, 34S, EV 76.9 MPH)
|
| Bottom of the 10th over - 0 runs, 1 hit, 0 errors, 1 left on base; Augusta 7 - Kane County 2 |
|